 Dungeon Crawl Stone Soup version 0.19.4-9-g45fd643 (webtiles) character file.

823 nikopol the Chopper (level 7, -3/63 HPs)
             Began as a Minotaur Berserker on Feb 21, 2017.
             Was a Priest of Trog.
             Killed from afar by sankara's ghost (11 damage)
             ... with a spray of energy
             ... on level 5 of the Dungeon.
             The game lasted 00:09:38 (3273 turns).

nikopol the Chopper (Minotaur Berserker)            Turns: 3273, Time: 00:09:38

Health: -3/63      AC:  8    Str: 21    XL:     7   Next: 64%
Magic:  6/6        EV: 12    Int:  4    God:    Trog [***...]
Gold:   182        SH:  0    Dex: 12    Spells: 0 memorised, 6 levels left

rFire  . . .     SeeInvis .     a - +0 battleaxe (drain)
rCold  . . .     Gourm    +     G - +0 scale mail
rNeg   . . .     Faith    .     (shield currently unavailable)
rPois  .         Spirit   .     (helmet restricted)
rElec  .         Reflect  .     x - +0 cloak
rCorr  .         Harm     .     (no gloves)
MR     +....                    (no boots)
Stlth  ..........               f - amulet of the gourmand
                                r - +3 ring of slaying
                                j - ring of protection from magic

@: confused
A: retaliatory headbutt, horns 2
a: Berserk, Trog's Hand, Burn Spellbooks, Renounce Religion


You were on level 5 of the Dungeon.
You worshipped Trog.
Trog was most pleased with you.
You were completely stuffed.

You visited 1 branch of the dungeon, and saw 5 of its levels.

You collected 182 gold pieces.

Inventory:

Hand Weapons
 a - a +0 battleaxe of draining (weapon)
 o - a +0 hand axe
 z - a +0 shortbow
Missiles
 v - 81 arrows (quivered)
Armour
 b - a +0 animal skin
 l - a +0 ring mail
 q - a +0 chain mail
 x - a +0 cloak (worn)
 G - a +0 scale mail (worn)
Jewellery
 f - an amulet of the gourmand (around neck)
 j - a ring of protection from magic (left hand)
 r - a +3 ring of slaying (right hand)
Wands
 t - a wand of paralysis (10/24)
 y - a wand of heal wounds (2/9)
Scrolls
 d - 2 scrolls of recharging {unknown}
 e - a scroll of noise {unknown}
 g - 2 scrolls of random uselessness {unknown}
 k - a scroll of immolation {unknown}
 m - a scroll of amnesia {unknown}
 n - a scroll of identify
 p - 4 scrolls of remove curse
 w - 2 scrolls of teleportation {unknown}
 C - 2 scrolls of magic mapping {unknown}
 F - a scroll of enchant weapon {unknown}
 H - a scroll of fog {unknown}
Potions
 i - 3 potions of curing
 s - a potion of heal wounds
 A - a potion of haste {unknown}
 B - a potion of berserk rage {unknown}
 D - a potion of mutation {unknown}
 E - 2 potions of flight {unknown}
Comestibles
 c - 4 bread rations
 h - 2 beef jerkies
 u - 4 meat rations
 I - a chunk of flesh


   Skills:
 + Level 6.2 Fighting
 * Level 6.6 Axes
 * Level 0.4 Bows
 + Level 5.3 Armour
 + Level 5.0 Dodging


You had 6 spell levels left.
You didn't know any spells.

Dungeon Overview and Level Annotations

Branches:
Dungeon (5/15)
 Temple: D:4-7

Altars:
Xom

Annotations:
D:5 sankara's ghost, amateur DrCj


Innate Abilities, Weirdness & Mutations

You reflexively headbutt those who attack you in melee.
You have a pair of horns on your head.


Message History

* * * LOW HITPOINT WARNING * * *
You slice sankara's ghost!!
Sankara's ghost is severely damaged.
Sankara's ghost hits you but does no damage.
You bump into the rock wall.
Sankara's ghost hits you.
* * * LOW HITPOINT WARNING * * *
You bump into the rock wall.
Sankara's ghost hits you but does no damage.
You closely miss sankara's ghost.
Sankara's ghost is severely damaged.
Sankara's ghost casts a spell at you. The spray of energy hits you!
* * * LOW HITPOINT WARNING * * *
You are more confused.
Sankara's ghost hits you.
* * * LOW HITPOINT WARNING * * *
You bump into the rock wall.
Sankara's ghost gestures at you while chanting.
The spray of energy hits you!
You die...

.# #.#.#.###.# ##.## ####. .#
#.#.......# #.# #. ## #.........#
#.# #. # #####.##### ##)## #. #
#.# ##...## #. ### #.####
##.....## #. ..# #.##.##
##.......## ##.
..#######.#...####.......).####..
.........(.(...W@'.........'.....
..#####.......####...[.....####..
<.# #.#.....# ##.......## #.. .##
#.###.#.# ##.....## #.# .# #.#
#.#.# ##...## #.# .# #.. ..#.#
######'## #.# .# #######.#
#.......# #.# .# #.# #.......#
#.# .# #.###.......# #.#


You could see sankara's ghost.

Vanquished Creatures
  The ghost of galech the Ruffian, an amateur TrMo (D:4)
  A phantom (D:4)
  An ogre (D:4)
  A centaur (D:5)
  A howler monkey (D:4)
  A hound (D:4)
  2 centaur skeletons (D:4)
  An orc priest (D:4)
  Crazy Yiuf (D:2)
  Jessica (D:3)
  2 iguanas
  7 adders
  An ooze (D:4)
  An adder skeleton (D:4)
  A worm (D:3)
  A leopard gecko (D:1)
  6 orcs
  2 ball pythons
  11 bats
  5 giant cockroaches
  12 goblins
  10 hobgoblins
  3 jackals (D:3)
  7 kobolds
  2 quokkas
  6 frilled lizards
  3 rats
91 creatures vanquished.

Notes
Turn   | Place    | Note
-------+----------+-------------------------------------------
     0 | D:1      | nikopol the Minotaur Berserker began the quest for the Orb.
     0 | D:1      | Reached XP level 1. HP: 19/19 MP: 0/0
   192 | D:1      | Reached XP level 2. HP: 27/27 MP: 1/1
   568 | D:2      | Reached XP level 3. HP: 33/33 MP: 2/2
   635 | D:2      | Reached ** piety under Trog
   845 | D:2      | Found a runed door.
   871 | D:2      | Noticed Crazy Yiuf
   876 | D:2      | Killed Crazy Yiuf
   876 | D:2      | Reached XP level 4. HP: 14/40 MP: 3/3
  1492 | D:3      | Noticed Jessica
  1496 | D:3      | Killed Jessica
  1560 | D:3      | Reached skill level 5 in Axes
  1560 | D:3      | Reached XP level 5. HP: 44/47 MP: 4/4
  1890 | D:3      | Reached *** piety under Trog
  2084 | D:4      | Reached skill level 5 in Fighting
  2090 | D:4      | Reached XP level 6. HP: 56/56 MP: 5/5
  2248 | D:4      | Noticed galech's ghost (amateur TrMo)
  2258 | D:4      | Killed galech's ghost
  2258 | D:4      | Reached XP level 7. HP: 58/62 MP: 6/6
  2472 | D:4      | Reached skill level 5 in Armour
  2886 | D:5      | Entered Level 5 of the Dungeon
  3006 | D:5      | Found a shimmering altar of Xom.
  3031 | D:5      | Reached skill level 5 in Dodging
  3252 | D:5      | Noticed sankara's ghost (amateur DrCj)
  3273 | D:5      | Killed from afar by sankara's ghost

Skill      XL: |  1  2  3  4  5  6  7 |
---------------+----------------------+-----
Axes           | 4 5 6 |  6.6
Fighting       | 4 5 6 |  6.2
Armour         | 3 4 5 |  5.3
Dodging        | 3 4 5 |  5.0
Bows           | |  0.4

Action                   |  1- 3 |  4- 6 |  7- 9 || total
-------------------------+-------+-------+-------++-------
Melee: Hand axe          |    35 |   101 |    18 ||   154
       Headbutt          |     8 |    15 |     6 ||    29
       Battleaxe         |       |       |     6 ||     6
 Fire: Shortbow          |       |       |     8 ||     8
Invok: Berserk           |       |     1 |       ||     1
  Use: Scroll            |       |       |     6 ||     6
  Eat: Chunk             |    10 |     5 |     4 ||    19
Armor: Animal skin       |     1 |       |       ||     1
       Ring mail         |     7 |    23 |       ||    30
       Scale mail        |       |     5 |    15 ||    20
Dodge: Dodged            |    27 |    67 |    13 ||   107
